AoeStats
← b站江条

Arabia

510373058Analyzed
1v1 RM · 14h ago on Sep 30, 2026· 39m 0s· 2 players
Game mode
Random Map
Map size
Tiny (2 player)
Population
200
Speed
Normal
Resources
Standard
Victory
Conquest
Starting age
Dark Age
Ending age
Imperial Age
RankedLock teamsTeams togetherTeam positionsShared explorationLock speedFull tech treeHidden civsTurbo modeCheats
Victory
Defeat
🇨🇳 Maya · China
1369
+19
🇪🇬 Persians · Egypt
1427
-19
b站江条
0:26 Loom
8:57 Feudal Age
13:48 Town Watch
17:40 Horse Collar
18:07 Fletching
20:10 Wheelbarrow
24:40 Castle Age
23:20 Gold Mining
24:48 Double-Bit Axe
24:43 Crossbowman
25:40 Bow Saw
25:47 Bodkin Arrow
25:54 Pikeman
34:33 Heavy Plow
38:26 Imperial Age
36:25 Stone Mining
37:53 Hand Cart
37:48 Thumb Ring
39:07 Ballistics
38:49 Padded Archer Armor
38:50 Scale Mail Armor
39:47 Conscription
Black115
8:49 Feudal Age
8:02 Loom
9:31 Double-Bit Axe
16:50 Fletching
20:42 Castle Age
19:39 Scale Barding Armor
19:44 Padded Archer Armor
21:11 Bloodlines
23:40 Horse Collar
28:11 Town Watch
33:30 Bow Saw
35:15 Wheelbarrow
41:30 Imperial Age
Connection lost

Rejoining the realm…

Still unreachable

The connection could not be restored.

Session expired

The server has moved on; the page needs a fresh start.